 Dungeon Crawl Stone Soup version 0.30-b1-5-g8e6c1be481 (webtiles) character file.

Game seed: 5312796955327489935

7 Descartes the Grasshopper (level 2, -3/23 HPs)
             Began as a Barachi Warper on May 4, 2023.
             Slain by a worm (10 damage)
             ... on level 2 of the Dungeon.
             The game lasted 00:01:16 (485 turns).

Descartes the Grasshopper (Barachi Warper)           Turns: 485, Time: 00:01:16

Health: -3/23      AC:  5    Str: 12    XL:     2   Next: 4%
Magic:  5/5        EV: 10    Int: 19    God:
Gold:   41         SH:  0    Dex: 11    Spells: 5/5 levels left

rFire   . . .        a - +0 hand axe
rCold   . . .        (no shield)
rNeg    . . .        h - +0 ring mail
rPois   .            (no helmet)
rElec   .            (no cloak)
rCorr   .            (no gloves)
SInv    .            (no boots)
Will    .....        (no amulet)
Stlth   +            e - +6 ring of intelligence
HPRegen 0.23/turn    (no ring)
MPRegen 0.09/turn

%: no passive effects
@: slow
A: amphibious, slowness 1, strong legs 1, +LOS
a: Hop


You were on level 2 of the Dungeon.
You visited 1 branch of the dungeon, and saw 2 of its levels.

You collected 41 gold pieces.

Inventory:

Hand Weapons
 a - a +0 hand axe (weapon)
Missiles
 d - 7 boomerangs of dispersal (quivered)
Armour
 b - a +0 leather armour
 h - a +0 ring mail (worn)
Jewellery
 e - a +6 ring of intelligence (left hand)
Scrolls
 c - a scroll of blinking
 g - 2 scrolls of teleportation {unknown}
 i - a scroll of enchant armour {unknown}
Potions
 f - a potion of might {unknown}


   Skills:
 + Level 2.6 Fighting
 + Level 2.3 Axes
 - Level 1.0 Throwing
 + Level 1.2 Armour
 + Level 2.1 Dodging
 + Level 2.2 Spellcasting
 + Level 3.6 Translocations


You had 5 spell levels left.
You didn't know any spells.
Your spell library contained the following spells:

 Spells                   Type           Power      Damage    Failure   Level
 Blink                    Tloc           30%        N/A       13%         2
 Lesser Beckoning         Tloc           30%        N/A       13%         2
 Teleport Other           Tloc           15%        N/A       26%         3
 Vhi's Electric Charge    Tloc/Air       18%        N/A       47%         3
 Manifold Assault         Tloc           15%        N/A       63%         4


Dungeon Overview and Level Annotations

Branches:
Dungeon (2/15)

Altars:


Innate Abilities, Weirdness & Mutations

You are amphibious.
You cover ground slowly.
You can hop short distances.
You have an extended range of vision and can be seen from far away.


Message History

A hobgoblin is nearby!
You hit the hobgoblin but do no damage. The hobgoblin hits you.
You barely miss the hobgoblin.
The hobgoblin hits you but does no damage.
You hit the hobgoblin.
The hobgoblin is severely wounded.
The hobgoblin hits you.
You hit the hobgoblin.
You kill the hobgoblin!
No target in view!
No target in view!
No target in view!
No target in view!
No target in view!
No target in view!
No target in view!
No target in view!
No target in view!
HP restored.
A worm comes into view.
A worm is nearby!
A hobgoblin comes into view.
You hit the worm.
The worm is lightly wounded.
The worm closely misses you.
The hobgoblin hits you but does no damage.
You hit the worm but do no damage. You hit the hobgoblin.
The worm closely misses you. The hobgoblin barely misses you.
You hit the hobgoblin.
The hobgoblin is almost dead.
You barely miss the worm. The hobgoblin hits you.
You hit the hobgoblin.
You kill the hobgoblin!
You barely miss the worm. The worm bites you!
You have reached level 2!
You hit the worm.
The worm is lightly wounded.
The worm bites you.
You hit the worm but do no damage. The worm bites you!
You die...

... .. .. .####
### ... ...
.#####.####.####.
................
####....†...#
.####+#......@w.#
............>##.#
.............# #
........<....#
.............#
...###.......# .
+..........
############


You could see a worm.

Vanquished Creatures
  2 goblins (D:1)
  3 hobgoblins
  A rat (D:1)
6 creatures vanquished.

Notes
Turn   | Place    | Note
-------+----------+-------------------------------------------
     0 | D:1      | Descartes the Barachi Warper began the quest for the Orb.
     0 | D:1      | Reached XP level 1. HP: 17/17 MP: 3/3
   484 | D:2      | Reached XP level 2. HP: 12/23 MP: 5/5
   485 | D:2      | Slain by a worm

Illustrated notes

Levels and vault maps discovered:
D:1:      saegor_arrival_simple_c, layout_rooms
D:2:      layout_basic, basic_altar, uniq_crazy_yiuf_cottage

Action                     || total
---------------------------++-------
  Melee: Hand axe          ||    23
Ability: Hop               ||     1
 Armour: Ring mail         ||     5
  Dodge: Dodged            ||    13
